 Dungeon Crawl Stone Soup version 0.31-a0-1204-ge2c1a860ed (webtiles) character file.

Game seed: 13623928234020675724

5988 ragingrage the Spear-Bearer (level 11, -8/83 HPs)
             Began as a Human Wanderer on Dec 12, 2023.
             Was a High Priest of Nemelex Xobeh.
             Mangled by a sixfirhy (12 damage)
             ... summoned by the player character
             ... on level 9 of the Dungeon.
             The game lasted 00:16:18 (11307 turns).

ragingrage the Spear-Bearer (Human Wanderer)       Turns: 11307, Time: 00:16:18

Health: -8/83      AC: 12    Str: 15    XL:     11   Next: 10%
Magic:  15/15      EV: 12    Int: 16    God:    Nemelex Xobeh [*****.]
Gold:   473        SH:  0    Dex: 11    Spells: 10/14 levels left

rFire   + . .        a - +1 demon whip (spect)
rCold   . . .        (no shield)
rNeg    . . .        A - +3 leather armour
rPois   .            N - +1 helmet
rElec   .            u - +2 cloak
rCorr   .            I - +0 pair of gloves
SInv    .            (no boots)
Will    .....        (no amulet)
Stlth   ++           s - ring of protection from fire
HPRegen 0.33/turn    (no ring)
MPRegen 0.14/turn

%: no passive effects
@: no status effects
A: no striking features
a: Renounce Religion, Draw Escape, Draw Destruction, Draw Summoning, Triple
Draw, Deal Four, Stack Five


You were on level 9 of the Dungeon.
You worshipped Nemelex Xobeh.
Nemelex Xobeh was extremely pleased with you.
You visited 1 branch of the dungeon, and saw 9 of its levels.
You also visited: Ossuary.

You collected 711 gold pieces.
You spent 238 gold pieces at shops.

Inventory:

Hand Weapons
 a - a +1 spectral demon whip (weapon)
 b - a +4 quarterstaff of chaos
 v - the +1 hammer of Fec Epulegu {speed, ^Fragile +Blink SInv}
   (You found it on level 3 of the Dungeon)

   SInv:      It lets you see invisible.
   +Blink:    It lets you blink.
   ^Fragile:  It will be destroyed if unequipped.
 R - a +3 trident of draining
Missiles
 k - 30 poisoned darts
 O - a throwing net
Armour
 d - an orb of guile
 t - the +4 ring mail of Articulation {rElec rF+ Slay-6}
   (You found it on level 3 of the Dungeon)

   Slay-6:    It affects your accuracy & damage with ranged weapons and melee
   (-6).
   rF+:       It protects you from fire.
   rElec:     It insulates you from electricity.
 u - a +2 cloak (worn)
 A - a +3 leather armour (worn)
 I - a +0 pair of gloves (worn)
 L - an orb of mayhem
 N - a +1 helmet (worn)
Jewellery
 g - a ring of ice
 s - a ring of protection from fire (left hand)
Wands
 w - a wand of polymorph (5)
 y - a wand of flame (39)
 B - a wand of iceblast (6)
 Q - a wand of paralysis (9)
Scrolls
 c - a scroll of blinking
 e - 2 scrolls of silence
 f - a scroll of amnesia
 j - 4 scrolls of enchant weapon {unknown}
 l - 2 scrolls of vulnerability
 m - 4 scrolls of fog
 n - 4 scrolls of teleportation
 p - 3 scrolls of poison
 q - 4 scrolls of fear {unknown}
 D - 3 scrolls of revelation
 K - 2 scrolls of noise {unknown}
 M - 2 scrolls of butterflies {unknown}
 P - a scroll of acquirement {unknown}
Potions
 h - 3 potions of heal wounds
 i - 2 potions of curing
 o - 5 potions of mutation {unknown}
 r - a potion of haste {unknown}
 x - a potion of berserk rage {unknown}
 z - a potion of magic {unknown}
 E - 3 potions of brilliance {unknown}
 F - 2 potions of enlightenment {unknown}
 G - a potion of invisibility {unknown}
 H - 4 potions of degeneration {unknown}
 J - a potion of ambrosia {unknown}


   Skills:
 + Level 6.6 Fighting
 + Level 3.8(5.5) Maces & Flails
 - Level 8.9(9.8) Polearms
 - Level 6.2(8.9) Staves
 - Level 1.0 Throwing
 - Level 3.0 Dodging
 - Level 2.0 Stealth
 - Level 2.0 Spellcasting
 - Level 3.0 Conjurations
 - Level 1.0 Transmutations
 - Level 3.0 Air Magic
 - Level 4.0 Poison Magic
 - Level 6.0 Invocations
 - Level 2.0 Evocations


You had 10 spell levels left.
You knew the following spells:

 Your Spells              Type           Power      Damage    Failure   Level
a - Sting                 Tmut/Pois      36%        1d4       9%          1
b - Mephitic Cloud        Conj/Pois/Air  12%        N/A       21%         3

Your spell library contained the following spells:

 Spells                   Type           Power      Damage    Failure   Level
 Foxfire                  Conj/Fire      24%        2x1d5     14%         1
 Apportation              Tloc           2%         N/A       26%         1
 Sandblast                Erth           2%         2d4       26%         1
 Passwall                 Tmut/Erth      2%         N/A       30%         2
 Jinxbite                 Hex            2%         N/A       36%         2
 Stone Arrow              Conj/Erth      12%        3d7       38%         3
 Brom's Barrelling Bould  Conj/Erth      6%         2d3       80%         4
 Alistair's Intoxication  Tmut/Pois      6%         N/A       94%         5
 Plasma Beam              Fire/Air       3%         2x1d13    100%        6
 Starburst                Conj/Fire      3%         6d3       100%        6


Dungeon Overview and Level Annotations

Branches:
Dungeon (9/15)             Temple (0/1) D:5         Ossuary (visited)
   Lair: D:8-11         Orc: D:9-12

Altars:
Cheibriados
Kikubaaqudgha
Nemelex Xobeh
Trog
Yredelemnul
The Shining One

Shops:
D:7 ?

Annotations:
D:3 exclusion: downstairs, Ijyb


Message History

The blast of calcifying dust hits your killer bee.
Your killer bee is engulfed in calcifying dust.
A human comes into view.
Your killer bee is engulfed in calcifying dust.
The catoblepas breathes a plume of calcifying dust at your killer bee.
The blast of calcifying dust hits your killer bee!
The human shouts!
Your killer bee is engulfed in calcifying dust. x2
The catoblepas breathes a plume of calcifying dust at your killer bee.
The blast of calcifying dust hits your killer bee!
You draw a card...
You have drawn the Pentagram.
Your killer bee is engulfed in calcifying dust. x2
The catoblepas gores your killer bee!
Your killer bee is engulfed in calcifying dust.
The human hits you but does no damage.
Your killer bee is engulfed in calcifying dust.
The catoblepas gores your killer bee!!
Your killer bee dies!
Your killer bee's corpse disappears in a puff of smoke!
Your rakshasa misses the sixfirhy.
Okay, then.
Okay, then.
Okay, then.
As you read the scroll of fog, it dissolves into smoke.
The human barely misses you.
Your rakshasa barely misses the sixfirhy.
The human completely misses you. The sixfirhy hits you!
* * * LOW HITPOINT WARNING * * *
The sixfirhy shocks you!
* * * LOW HITPOINT WARNING * * *
You feel much better. The sixfirhy closely misses you. The sixfirhy hits you!
* * * LOW HITPOINT WARNING * * *
The sixfirhy shocks you!
* * * LOW HITPOINT WARNING * * *
The sixfirhy closely misses you. The human hits you but does no damage.
The sixfirhy hits you.
* * * LOW HITPOINT WARNING * * *
The sixfirhy shocks you!
You die...
Your body glows with a rainbow of weird colours and disappears.

. .# #.##...##(#.# .
#.# #.#.⌠.⌠.#.#.#
.#..## . #
#.#..<..#.#.# ...>.#...
#. #.#.⌠.⌠.#.#.#
......... ##.
#.##...##.#.# ####
.<..# ...#.⌠##.##⌠.#.#
#... .#..#
#.##)[)....##.# #... .
..# +.§#########..#
#... . ..#
#.§@3§§...Y§§$###... .
..#
#.§§pR§......C.C.... .
..#
############.......< .
..# #.....<.# . ..#
#######.......#
##..Y.Y........#
########..###.#########
........).)..........
#########)#########+#


You could see a sixfirhy (summoned), a human and a friendly rakshasa (summoned).

Vanquished Creatures
  Amaemon (D:8)
  Pikel (D:4)
  An orange demon (D:8)
  Sigmund (D:3)
  Eustachio (D:4)
  5 yaks (D:9)
  A water moccasin (D:7)
  An ice beast (shapeshifter) (D:9)
  2 black bears
  4 orc warriors
  An ice beast (D:7)
  A sky beast (D:7)
  An ogre (D:6)
  A centaur (D:5)
  2 lemures (D:4)
  3 kobold brigands
  3 bullfrogs
  A scorpion (D:4)
  16 wights
  3 killer bees (D:8)
  3 howler monkeys (D:7)
  6 orc priests
  2 hounds
  2 jellies
  3 sleepcaps
  An iguana (D:5)
  6 orc wizards
  6 mummies
  7 adders
  2 white imps (D:8)
  4 ufetubi
  A worm (D:2)
  3 dart slugs
  17 orcs
  8 endoplasms
  3 giant cockroaches
  5 goblins
  7 hobgoblins
  3 quokkas
  5 ball pythons
  7 bats
  3 frilled lizards
  2 gnoll zombies (Ossuary)
  A hobgoblin zombie (Ossuary)
  31 kobolds
  3 kobold zombies (Ossuary)
  5 rats
196 creatures vanquished.

Vanquished Creatures (collateral kills)
  Grinder (D:6)
  3 mummies (Ossuary)
  2 orc zombies (Ossuary)
6 creatures vanquished.

Grand Total: 202 creatures vanquished

Notes
Turn   | Place    | Note
-------+----------+-------------------------------------------
     0 | D:1      | ragingrage the Human Wanderer began the quest for the Orb.
     0 | D:1      | ragingrage set off with the following items: a +0 trident,
                  | a wand of polymorph (7), a scroll of blinking, a +0 robe;
                  | and the following spell memorised: Sting; and the following
                  | spells available to memorise: Mephitic Cloud.
     0 | D:1      | Reached XP level 1. HP: 13/13 MP: 2/2
   187 | D:1      | Reached XP level 2. HP: 19/19 MP: 1/3
   242 | D:1      | Reached skill level 1 in Transmutations
   494 | D:1      | Found a faded altar of an unknown god.
   930 | D:1      | Reached XP level 3. HP: 24/24 MP: 2/4
  1232 | D:1      | Prayed at the altar of an unknown god.
  1232 | D:1      | Became a worshipper of Nemelex Xobeh the Trickster
  1232 | D:1      | Reached * piety under Nemelex Xobeh
  1450 | D:2      | Received a gift from Nemelex Xobeh
  1826 | D:2      | Reached XP level 4. HP: 30/30 MP: 0/5
  1893 | D:2      | Reached ** piety under Nemelex Xobeh
  1902 | D:2      | Reached skill level 1 in Invocations
  1931 | D:2      | Learned a level 3 spell: Mephitic Cloud
  2011 | D:2      | Received a gift from Nemelex Xobeh
  2416 | D:3      | Noticed Ijyb
  2455 | D:3      | Noticed Terence
  2484 | D:3      | Terence changed into Terence the adder
  2484 | D:3      | Noticed Terence
  2487 | D:3      | Killed Terence the adder
  2719 | D:3      | You fall into a shaft and drop 1 floor!
  2790 | D:4      | Noticed Pikel
  2790 | D:4      | Noticed a lemure
  2790 | D:4      | Noticed a lemure
  2943 | D:3      | Received a gift from Nemelex Xobeh
  3059 | D:3      | Noticed Sigmund
  3073 | D:3      | Killed Sigmund
  3074 | D:3      | Reached XP level 5. HP: 35/35 MP: 2/8
  3074 | D:3      | Reached XP level 6. HP: 41/41 MP: 2/9
  3351 | D:3      | Identified the +4 ring mail of Articulation {rElec rF+
                  | Slay-6}
  3440 | D:3      | Found a runed translucent door.
  3441 | D:3      | Noticed Crazy Yiuf
  3506 | D:3      | Crazy Yiuf changed into Crazy Yiuf the hound
  3506 | D:3      | Noticed Crazy Yiuf
  3514 | D:3      | Killed Crazy Yiuf the hound
  3526 | D:3      | Identified the +1 hammer of Fec Epulegu {speed, ^Fragile
                  | +Blink SInv}
  3929 | D:4      | Reached *** piety under Nemelex Xobeh
  4183 | D:4      | Killed Pikel
  4184 | D:4      | Reached skill level 4 in Polearms
  4184 | D:4      | Reached XP level 7. HP: 50/50 MP: 7/10
  4184 | D:4      | Reached XP level 8. HP: 56/56 MP: 7/11
  4242 | D:4      | Received a gift from Nemelex Xobeh
  4334 | D:4      | Noticed Eustachio
  4335 | D:4      | Killed Eustachio
  4336 | D:4      | Reached skill level 5 in Invocations
  4627 | D:5      | Entered Level 5 of the Dungeon
  4793 | D:5      | Reached skill level 1 in Staves
  4818 | D:5      | Found a sand-covered staircase.
  4839 | Ossuary  | Entered an ossuary
  5264 | D:5      | Found a basalt altar of Yredelemnul.
  5505 | D:5      | Reached **** piety under Nemelex Xobeh
  5509 | D:5      | Received a gift from Nemelex Xobeh
  5757 | D:5      | Found a staircase to the Ecumenical Temple.
  5995 | D:5      | Found a glowing golden altar of the Shining One.
  6021 | D:5      | Found a snail-covered altar of Cheibriados.
  6027 | D:5      | Found an ancient bone altar of Kikubaaqudgha.
  6162 | D:6      | Noticed Grinder
  6170 | D:6      | Killed Grinder
  6171 | D:6      | Reached skill level 5 in Staves
  6171 | D:6      | Reached XP level 9. HP: 65/65 MP: 11/13
  6411 | D:6      | Found a bloodstained altar of Trog.
  6747 | D:6      | Noticed Jeremiah
  6858 | D:6      | Jeremiah changed into Jeremiah the ogre
  6858 | D:6      | Noticed Jeremiah
  6866 | D:6      | Killed Jeremiah the ogre
  7258 | D:7      | Found Forim's Magic Scroll Shop.
  7266 | D:7      | Bought a scroll of revelation for 105 gold pieces
  7302 | D:7      | Reached skill level 5 in Polearms
  7431 | D:7      | Reached skill level 6 in Polearms
  7780 | D:7      | Reached skill level 7 in Polearms
  7780 | D:7      | Reached XP level 10. HP: 54/71 MP: 14/14
  8234 | D:7      | Reached skill level 8 in Polearms
  8779 | D:8      | Received a gift from Nemelex Xobeh
  9102 | D:8      | Reached ***** piety under Nemelex Xobeh
  9776 | D:8      | Received a gift from Nemelex Xobeh
  9991 | D:8      | Noticed an orange demon
  9993 | D:8      | Noticed Amaemon
  9997 | D:8      | Killed an orange demon
 10014 | D:8      | Killed Amaemon
 10015 | D:8      | Reached skill level 5 in Fighting
 10276 | D:7      | Bought a scroll of brand weapon for 133 gold pieces
 10444 | D:9      | Reached skill level 1 in Maces & Flails
 10641 | D:9      | Reached XP level 11. HP: 76/81 MP: 15/15
 10835 | D:9      | Noticed a catoblepas
 11294 | D:9      | Noticed a cyclops
 11303 | D:9      | Noticed a sixfirhy
 11306 | D:9      | HP: 4/83 [sixfirhy[the player character] (12)]
 11307 | D:9      | Mangled by a sixfirhy

Illustrated notes

Levels and vault maps discovered:
D:1:      eino_arrival_druids_welcome, layout_basic,
          nicolae_ecumenical_lake_church, minmay_misc_feat_chi,
          palyth_stone_intersect
D:2:      layout_basic
D:3:      layout_loops_ring, serial_co_window_serial, co_window_paths_b,
          co_window_of_opportunity_a, co_window_of_opportunity_a,
          co_window_paths_a, co_window_paths_a, co_window_corner_b,
          co_window_of_opportunity_c, co_window_corner_b, co_window_corner_ca,
          co_window_2corner, co_window_paths_e, co_window_4corner_a,
          glass_columns_a, glass_columns_b, glass_columns_a, uniq_terence,
          uniq_ijyb, uniq_sigmund, uniq_crazy_yiuf_cottage
D:4:      layout_loops_ring, mrwooster_statue_mirror,
          nicolae_houndstooth_variations, uniq_pikel, uniq_eustachio
D:5:      layout_basic, yredelemnul_altar_generic,
          minmay_overflow_temple_star_quad, temple_green,
          gup_ossuary_entry_pyramid
D:6:      layout_loops_ring, overflow_temple_1_default, uniq_jeremiah,
          uniq_grinder
D:7:      layout_loops_corners, serial_shops, nicolae_shop_tiny_statue_garden,
          lightli_minifort
D:8:      layout_loops_ring, minmay_liquid_box, uniq_amaemon
D:9:      minmay_the_grid_4x2 [minmay_the_grid_expand,
          minmay_the_grid_minigrid_medium, minmay_the_grid_embedded,
          minmay_the_grid_rooms, minmay_the_grid_pillar_ring,
          minmay_the_grid_garden, minmay_the_grid_armoury,
          minmay_the_grid_prize_inner_circle], layout_basic, grunt_ministairs_11

Skill      XL: |  1  2  3  4  5  6  7  8  9 10 11 |
---------------+----------------------------------+-----
Transmutations | 1 |  1.0
Poison Magic   | 3 4 |  4.0
Invocations    | 2 4 5 6 |  6.0
Spellcasting   | 2 |  2.0
Conjurations   | 2 3 |  3.0
Air Magic      | 2 3 |  3.0
Polearms       | 4 7 8 |  8.9
Fighting       | 2 4 6 |  6.6
Dodging        | 2 3 |  3.0
Stealth        | 2 |  2.0
Staves         | 5 6 |  6.2
Maces & Flails | 2 3 |  3.8
Throwing       | |  1.0
Evocations     | |  2.0

Action                     |  1- 3 |  4- 6 |  7- 9 | 10-12 || total
---------------------------+-------+-------+-------+-------++-------
  Melee: Trident           |    28 |    30 |   102 |   133 ||   293
         Punch             |     1 |     1 |       |     4 ||     6
         Halberd           |       |    28 |       |       ||    28
         Quarterstaff      |       |     5 |    98 |       ||   103
         Demon whip        |       |       |       |    99 ||    99
   Cast: Sting             |    46 |    30 |    42 |    20 ||   138
         Mephitic Cloud    |       |     2 |     3 |     6 ||    11
 Invoke: Draw Destruction  |       |     3 |     9 |     7 ||    19
         Draw Summoning    |       |       |     2 |     3 ||     5
  Evoke: Wand              |       |     2 |       |       ||     2
    Use: Scroll            |       |     1 |    10 |     4 ||    15
         Potion            |       |       |       |     5 ||     5
   Stab: Confused          |       |       |     2 |     1 ||     3
         Sleeping          |       |       |     2 |     1 ||     3
         Distracted        |       |       |     1 |     1 ||     2
 Armour: Robe              |    12 |    37 |     1 |       ||    50
         Leather armour    |       |       |   129 |   134 ||   263
  Dodge: Dodged            |    13 |    42 |   111 |    97 ||   263

Table legend: (Time is in decaauts)
 A = Elapsed time spent in this place.
 B = Non-inter-level travel time spent in this place.
 C = Inter-level travel time spent in this place.
 D = Time resting spent in this place.
 E = Time spent auto-exploring this place.
 F = Levels seen in this place.
 G = Mean time per level.
                   A        B        C        D        E       F      G
               +--------+--------+--------+--------+--------+-----+--------+
         Total |  11292 |  10925 |    367 |   2354 |   6754 |  10 | 1129.2 |
       Dungeon |  11002 |  10635 |    367 |   2274 |   6650 |   9 | 1222.4 |
       Ossuary |    289 |    289 |      0 |     80 |    104 |   1 |  289.0 |
               +--------+--------+--------+--------+--------+-----+--------+

Top non-repeatable levels by time:
     D:8: 1744 daAuts
     D:3: 1530 daAuts
     D:7: 1463 daAuts
     D:1: 1258 daAuts
     D:5: 1133 daAuts
     D:6: 1129 daAuts
     D:2: 1036 daAuts
     D:4: 881 daAuts
     D:9: 823 daAuts
 Ossuary: 289 daAuts
